 Dungeon Crawl Stone Soup version 0.29.1-13-g9f3cf754e1 (webtiles) character file.

Game seed: 18168934527506551638

1171 Thatpatchoflichen the Trooper (level 8, -23/64 HPs)
             Began as a Demonspawn Hunter on Feb 2, 2023.
             Killed by an exploding orc warrior zombie (34 damage)
             ... ignited by their inner flame
             ... on level 5 of the Dungeon.
             The game lasted 00:23:54 (5003 turns).

Thatpatchoflichen the Trooper (Demonspawn Hunter)   Turns: 5003, Time: 00:23:54

Health: -23/64     AC: 12    Str: 12    XL:     8   Next: 18%
Magic:  0/8        EV:  7    Int: 11    God:
Gold:   384        SH:  0    Dex: 18    Spells: 7/7 levels left

rFire   . . .      SeeInvis .   a - +0 shortbow
rCold   + . .      Faith    .   (shield currently unavailable)
rNeg    . . .      Spirit   +   H - +2 chain mail {rC+}
rPois   .          Reflect  .   (helmet restricted)
rElec   .          Harm     .   v - +0 cloak
rCorr   .          Rampage  .   A - +0 pair of gloves
Will    .....                   (no boots)
Stlth   ..........              f - amulet of guardian spirit
HPRegen 1.20/turn               q - +4 ring of slaying
MPRegen 0.11/turn               u - +4 ring of slaying

@: lethally poisoned (-23 -> -25)
A: horns 1, powered by death 1, spiny 3
a: no special abilities


You were on level 5 of the Dungeon.
You visited 1 branch of the dungeon, and saw 6 of its levels.

You collected 384 gold pieces.

Inventory:

Hand Weapons
 a - a +0 shortbow (weapon)
Missiles
 n - 10 poisoned darts
 r - a boomerang of dispersal
 D - 2 throwing nets
Armour
 c - a +0 leather armour
 v - a +0 cloak (worn)
 A - a +0 pair of gloves (worn)
 H - a +2 chain mail of cold resistance (worn)
Jewellery
 f - an amulet of guardian spirit (around neck)
 q - a +4 ring of slaying (left hand)
 u - a +4 ring of slaying (right hand)
 w - an amulet of magic regeneration
Wands
 y - a wand of flame (23)
 G - a wand of polymorph (3)
Scrolls
 b - a scroll of immolation
 g - 2 scrolls of teleportation {unknown}
 i - a scroll of amnesia {unknown}
 k - 2 scrolls of poison
 s - a scroll of vulnerability {unknown}
 E - 2 scrolls of noise {unknown}
 F - a scroll of fog {unknown}
Potions
 d - a potion of flight
 e - 2 potions of heal wounds
 h - 4 potions of curing
 j - 3 potions of mutation
 m - a potion of brilliance
 o - 2 potions of resistance
 p - 2 potions of lignification
 t - 2 potions of might
 x - 2 potions of ambrosia
 z - a potion of haste {unknown}
 B - a potion of invisibility
 C - a potion of degeneration {unknown}


   Skills:
 - Level 6.0 Fighting
 + Level 5.7 Ranged Weapons
 + Level 5.9 Dodging
 - Level 1.0 Stealth


You had 7 spell levels left.
You didn't know any spells.
Your spell library contained the following spells:

 Spells                   Type           Power      Damage    Failure   Level
 Blink                    Tloc           0%         N/A       100%        2
 Dazzling Flash           Conj/Hex       0%         N/A       100%        3
 Lesser Beckoning         Tloc           0%         N/A       100%        3
 Iskenderun's Mystic Bla  Conj/Tloc      0%         2d3       100%        4
 Manifold Assault         Tloc           0%         N/A       100%        5
 Starburst                Conj/Fire      0%         6d3       100%        6


Dungeon Overview and Level Annotations

Branches:
Dungeon (6/15)
 Temple: D:4-7

Altars:
Cheibriados
Hepliaklqana
Nemelex Xobeh
Trog
Uskayaw
Wu Jian

Shops:
D:3 =   D:4 !

Annotations:
D:4 Sigmund
D:5 1 transporter


Innate Abilities, Weirdness & Mutations

You have a pair of small horns on your head.
You regenerate a little health from kills.
You are completely covered in sharp spines.


Message History

The orc warrior zombie hits you but does no damage.
Fire: a) +0 shortbow
Press: ? - help, Q - select action, (/) - cycle Shift-Dir - straight line, f/p - orc warrior zombie
Aim: an orc warrior zombie, wielding a +0 short sword of venom (almost destroyed, 78% to hit)
You shoot an arrow.
The arrow completely misses the orc warrior zombie.
The arrow hits the ogre zombie.
The ogre zombie is severely damaged.
You feel very sick.
The orc warrior zombie hits you with a +0 short sword of venom!
* * * LOW HITPOINT WARNING * * *
You are lethally poisoned!
The orc warrior zombie is struck by your spines.
The orc warrior zombie hits you but does no damage.
You are more poisoned.
The orc warrior zombie hits you but does no damage.
You are more poisoned.
The orc warrior zombie hits you with a +1 mace of venom.
* * * LOW HITPOINT WARNING * * *
Press: ? - help, v - describe, . - travel
Here: an ogre zombie, wielding a +0 giant club of venom (severely damaged)
The floor.
You feel better.
The orc warrior zombie hits you with a +0 short sword of venom.
* * * LOW HITPOINT WARNING * * *
You are poisoned.
As you read the scroll of immolation, it crumbles to dust.
The creatures around you are filled with an inner flame!
* * * LOW HITPOINT WARNING * * *
You feel very sick.
The orc warrior zombie completely misses you.
Fire: a) +0 shortbow
Press: ? - help, Q - select action, (/) - cycle Shift-Dir - straight line, f/p - orc warrior zombie
Aim: an orc warrior zombie, wielding a +0 short sword of venom (almost destroyed, inner flame, 78% to hit)
You shoot an arrow. The arrow hits the orc warrior zombie.
The orc warrior zombie explodes!
The fiery explosion engulfs the ogre zombie!!!
The fiery explosion engulfs you!!!
Ouch! That really hurt!
You die...

##......# #.#
#.....>...#########
######.# #.###.##..#####
#.# #...........#
#########.###.#.##
#.°°○.########..##
#.°...#○°○°°.##..#
####.°○°○#..°○.°#...# ##
##..#$$.°○'§#§#°○#...#
.###..©#©).○°'§)@©°○#©..#
...#...#!$.○○°§#Z#°°#..##
##.#..##.○○°○#.°○°.°####
.......#.○○○.#☼.○°°.#
#.....##.○○..########
#..############.#.# #..#
##.##.#.# [.)#####
#.#...#.# .>))...#
##.#..#.# #########


You could see an orc warrior zombie (inner flame).

Vanquished Creatures
  Edmund (D:4)
  An ice beast (D:6)
  4 ogres
  A phantom (D:4)
  A scorpion (D:4)
  3 orc priests (D:5)
  2 hounds
  A jelly (D:5)
  An iguana (D:5)
  Natasha (thrice) (D:3)
  An orc wizard (D:3)
  An ogre zombie (D:5)
  An orc zombie (D:5)
  6 adders
  2 shadow imps
  A white imp (D:5)
  An ufetubus (D:6)
  A worm (D:2)
  2 dart slugs
  13 orcs
  7 endoplasms
  4 giant cockroaches
  7 goblins
  10 hobgoblins
  10 jackals
  2 quokkas
  11 ball pythons
  6 bats
  3 frilled lizards
  9 kobolds
  3 rats
119 creatures vanquished.

Vanquished Creatures (others)
  A plant (D:4)
1 creature vanquished.

Grand Total: 120 creatures vanquished

Notes
Turn   | Place    | Note
-------+----------+-------------------------------------------
     0 | D:1      | Thatpatchoflichen the Demonspawn Hunter began the quest for
                  | the Orb.
     0 | D:1      | Reached XP level 1. HP: 16/16 MP: 1/1
    60 | D:1      | Reached skill level 1 in Stealth
   166 | D:1      | Gained mutation: You are partially covered in sharp spines.
                  | [demonic ancestry]
   166 | D:1      | Reached XP level 2. HP: 22/22 MP: 2/2
   389 | D:1      | Found a faded altar of an unknown god.
   861 | D:2      | Reached XP level 3. HP: 28/28 MP: 3/3
  1160 | D:2      | Reached skill level 3 in Fighting
  1212 | D:2      | Gained mutation: You are mostly covered in sharp spines.
                  | [demonic ancestry]
  1212 | D:2      | Reached XP level 4. HP: 35/35 MP: 4/4
  1571 | D:3      | Found a snail-covered altar of Cheibriados.
  1595 | D:3      | Found Hystruvi's Jewellery Emporium.
  1620 | D:3      | You fall into a shaft and drop 3 floors!
  1641 | D:5      | Entered Level 5 of the Dungeon
  1645 | D:5      | Found a transporter.
  1645 | D:5      | Noticed a wyvern
  1673 | D:5      | Reached XP level 5. HP: 13/42 MP: 3/5
  1684 | D:5      | Reached skill level 4 in Fighting
  1981 | D:5      | Found a bloodstained altar of Trog.
  2200 | D:3      | Noticed Natasha
  2202 | D:3      | Killed Natasha
  2550 | D:3      | Noticed Natasha
  2555 | D:3      | Killed Natasha
  2556 | D:3      | Gained mutation: You are completely covered in sharp
                  | spines. [demonic ancestry]
  2556 | D:3      | Reached XP level 6. HP: 37/49 MP: 3/6
  2871 | D:3      | Noticed Natasha
  2877 | D:3      | Killed Natasha
  2878 | D:3      | Reached skill level 5 in Fighting
  2912 | D:4      | Found an ornate altar of the Wu Jian Council.
  2953 | D:4      | Noticed Edmund
  3007 | D:4      | Gained mutation: You regenerate a little health from kills.
                  | [demonic ancestry]
  3007 | D:4      | Reached XP level 7. HP: 56/56 MP: 7/7
  3181 | D:4      | Found a hide-covered altar of Uskayaw.
  3293 | D:4      | Found Kajowk's Distillery.
  3493 | D:4      | Noticed Sigmund
  3516 | D:4      | Killed Edmund
  3517 | D:4      | Reached skill level 6 in Fighting
  3517 | D:4      | Reached skill level 5 in Ranged Weapons
  3517 | D:4      | Reached skill level 5 in Dodging
  3842 | D:4      | Found a hazy altar of Hepliaklqana.
  4308 | D:5      | Found a transporter.
  4368 | D:5      | Found a sparkling altar of Nemelex Xobeh.
  4912 | D:5      | Gained mutation: You have a pair of small horns on your
                  | head. [demonic ancestry]
  4912 | D:5      | Reached XP level 8. HP: 62/64 MP: 6/8
  5003 | D:5      | Killed by an exploding orc warrior zombie... ignited by
                  | their inner flame

Illustrated notes

Levels and vault maps discovered:
D:1:      scummos_arrival_star, layout_loops_ring,
          shapermc_ecumenical_altar_ellora
D:2:      layout_rooms, serial_aquarium, aquarium_bridge_long_separate
          [aquarium_subvault_bridge, aquarium_subvault_balcony,
          aquarium_subvault_wall, aquarium_subvault_window,
          aquarium_subvault_wall, aquarium_subvault_bridge],
          aquarium_bridge_square [aquarium_subvault_bridge,
          aquarium_subvault_wall, aquarium_subvault_window,
          aquarium_subvault_balcony], aquarium_window_corridor_1,
          aquarium_window_fake, aquarium_window_corner, aquarium_view_2f,
          aquarium_view_2c, basic_altar
D:3:      layout_basic, mainiacjoe_overflow_surrounded_room, serial_shops, shop,
          uniq_natasha
D:4:      layout_cave_pools, nicolae_hepliaklqana_hippocampus,
          amcnicky_altar_gilded, nicolae_uskayaw_murder_on_the_dancefloor,
          serial_shops, shop, sigmund_edmund_badplayer
D:5:      gammafunk_cloud_chamber, layout_loops_ring, nemelex_dance_club_becter,
          trog_book, nicolae_fountain_basement
D:6:      layout_basic, minmay_temple_entry_sparse_star, serial_aquarium,
          aquarium_bridge_straight [aquarium_subvault_bridge,
          aquarium_subvault_wall, aquarium_subvault_bridge,
          aquarium_subvault_window], aquarium_window_1, aquarium_window_2,
          aquarium_view_2d, aquarium_balcony_1a, uniq_prince_ribbit1,
          uniq_duvessa

Skill      XL: |  1  2  3  4  5  6  7 |
---------------+----------------------+-----
Stealth        | 1 |  1.0
Dodging        | 2 3 4 5 |  5.9
Ranged Weapons | 4 5 |  5.7
Fighting       | 3 4 5 6 |  6.0

Action                   |  1- 3 |  4- 6 |  7- 9 || total
-------------------------+-------+-------+-------++-------
Melee: Shortbow          |       |       |     1 ||     1
 Fire: Shortbow          |    89 |    96 |    54 ||   239
  Use: Potion            |       |     1 |     1 ||     2
       Scroll            |       |     8 |     2 ||    10
Armor: Leather armour    |     5 |     9 |     9 ||    23
       Chain mail        |       |       |     8 ||     8
Dodge: Dodged            |    14 |    29 |    16 ||    59
